 Dungeon Crawl Stone Soup version 0.31-a0-986-g5e6e4ef867 (webtiles) character file.

Game seed: 3671027429327484

32 Curundu the Chiller (level 3, -6/26 HPs)
             Began as a Draconian Ice Elementalist on Nov 18, 2023.
             Mangled by a goblin
             ... wielding a +2 dagger of electrocution
             ... led by Robin
              (12 damage)
             ... on level 2 of the Dungeon.
             The game lasted 00:10:27 (911 turns).

Curundu the Chiller (Draconian Ice Elementalist)     Turns: 911, Time: 00:10:27

Health: -6/26      AC:  5    Str: 10    XL:     3   Next: 10%
Magic:  1/6        EV: 12    Int: 17    God:
Gold:   58         SH:  0    Dex: 11    Spells: 5/6 levels left

rFire   . . .        (no weapon)
rCold   . . .        (no shield)
rNeg    . . .        (body armour unavailable)
rPois   .            (helmet restricted)
rElec   .            (no cloak)
rCorr   .            (no gloves)
SInv    .            (no boots)
Will    .....        (no amulet)
Stlth   ++           (no ring)
HPRegen 0.24/turn    (no ring)
MPRegen 0.10/turn

%: no passive effects
@: no status effects
A: AC +5, unfitting armour, cold-blooded
a: no special abilities


You were on level 2 of the Dungeon.
You visited 1 branch of the dungeon, and saw 2 of its levels.

You collected 58 gold pieces.

Inventory:

Scrolls
 b - a scroll of enchant weapon {unknown}
 c - a scroll of immolation {unknown}
 e - a scroll of teleportation {unknown}
 h - a scroll of noise {unknown}
Potions
 a - a potion of magic
 d - a potion of mutation {unknown}
 f - a potion of curing
 g - a potion of degeneration {unknown}


   Skills:
 + Level 1.9 Dodging
 + Level 2.0 Stealth
 + Level 0.3 Unarmed Combat
 + Level 2.4 Spellcasting
 + Level 4.5 Ice Magic


You had 5 spell levels left.
You knew the following spells:

 Your Spells              Type           Power      Damage    Failure   Level
a - Freeze                Ice            68%        1d8       3%          1

Your spell library contained the following spells:

 Spells                   Type           Power      Damage    Failure   Level
 Frozen Ramparts          Ice            34%        1d6       9%          3
 Ozocubu's Armour         Ice            17%        N/A       9%          3
 Jinxbite                 Hex            4%         N/A       28%         2
 Summon Ice Beast         Ice/Summ       9%         N/A       58%         4
 Dimensional Bullseye     Hex/Tloc       1%         N/A       88%         4


Dungeon Overview and Level Annotations

Branches:
Dungeon (2/15)

Altars:

Annotations:
D:2 Robin


Innate Abilities, Weirdness & Mutations

Your plain brown scales are hard. (AC +5)
You cannot fit into any form of body armour.
You are cold-blooded and may be slowed by cold attacks.


Message History

A hobgoblin comes into view.
You closely miss the hobgoblin.
The hobgoblin shouts!
You tail-slap the hobgoblin.
The hobgoblin is moderately wounded.
The hobgoblin hits you.
You hit the hobgoblin but do no damage.
Your tail-slap misses the hobgoblin.
The hobgoblin is moderately wounded.
The goblin barely misses you. The goblin closely misses you.
The hobgoblin hits you.
You hit the hobgoblin. You tail-slap the hobgoblin.
You kill the hobgoblin!
The goblin barely misses you. The rat bites you.
Robin of the Strong Arm comes into view.
They are wielding a +0 club.
You hit the goblin.
The goblin is severely wounded.
The goblin barely misses you. The goblin hits you with a +0 club.
The goblin completely misses you. The rat bites you.
You hit the goblin.
You kill the goblin!
The goblin barely misses you. The goblin hits you but does no damage.
The rat barely misses you.
You hit the goblin but do no damage.
The goblin hits you with a +2 dagger of electrocution.
The goblin hits you with a +0 club. The goblin misses you. The rat bites you.
You hit the goblin.
The goblin is moderately wounded.
The goblin hits you with a +2 dagger of electrocution.
The goblin hits you but does no damage. x2; The rat bites you.
A hobgoblin comes into view.
You barely miss the goblin.
The goblin is moderately wounded.
The goblin hits you with a +2 dagger of electrocution.
The goblin barely misses you. The goblin misses you. The rat barely misses you.
You hit the goblin.
You kill the goblin!
The goblin hits you with a +2 dagger of electrocution.
* * * LOW HITPOINT WARNING * * *
You are electrocuted!
You die...

##.. ### .[. #.. ..
#.# g# #
#######.#######.#.#
......><........#g####
#######......ggggg...#
#...####)g#...<. #...#
#@g# ##.# .....# #r.#
# ###.#.. #..# #.#...
#..# #....:.#... ...##
#..# #..#


You could see Robin, 2 hobgoblins, 6 goblins and a rat.

Vanquished Creatures
  3 ball pythons (D:1)
  A bat (D:1)
  4 endoplasms (D:1)
  7 goblins
  5 hobgoblins
  2 kobolds (D:1)
  2 quokkas (D:1)
  2 rats (D:1)
26 creatures vanquished.

Notes
Turn   | Place    | Note
-------+----------+-------------------------------------------
     0 | D:1      | Curundu the Draconian Ice Elementalist began the quest for
                  | the Orb.
     0 | D:1      | Reached XP level 1. HP: 14/14 MP: 3/3
   163 | D:1      | Reached XP level 2. HP: 16/20 MP: 1/5
   410 | D:1      | Got the Folio of Interference
   499 | D:1      | HP: 1/20 [quokka (2)]
   505 | D:1      | HP: 1/20 [quokka (2)]
   901 | D:2      | Reached XP level 3. HP: 26/26 MP: 2/6
   905 | D:2      | Noticed Robin
   911 | D:2      | Mangled by a goblin

Illustrated notes

Levels and vault maps discovered:
D:1:      roadster_arrival_rocket_large, layout_basic, minmay_octomino_e4
D:2:      layout_loops_ring, shapermc_ecumenical_altar_flowoftime,
          kennysheep_generic_room_4, uniq_natasha, uniq_robin

Skill      XL: |  1  2 |
---------------+-------+-----
Stealth        | 2 |  2.0
Dodging        | |  1.9
Unarmed Combat | |  0.3
Spellcasting   | |  2.4
Ice Magic      | |  4.5

Action                     || total
---------------------------++-------
  Melee: Unarmed           ||    46
         Tailslap          ||     6
   Cast: Freeze            ||    25
    Use: Scroll            ||     1
 Armour: Skin              ||    49
  Dodge: Dodged            ||    58

Table legend: (Time is in decaauts)
 A = Elapsed time spent in this place.
 B = Non-inter-level travel time spent in this place.
 C = Inter-level travel time spent in this place.
 D = Time resting spent in this place.
 E = Time spent auto-exploring this place.
 F = Levels seen in this place.
 G = Mean time per level.
                   A        B        C        D        E       F      G
               +--------+--------+--------+--------+--------+-----+--------+
         Total |    912 |    912 |      0 |    157 |      0 |   2 |  456.0 |
       Dungeon |    912 |    912 |      0 |    157 |      0 |   2 |  456.0 |
               +--------+--------+--------+--------+--------+-----+--------+

Top non-repeatable levels by time:
     D:1: 888 daAuts
     D:2: 23 daAuts
